 Dungeon Crawl Stone Soup version 0.26-a0-639-g72c4674329 (webtiles) character file.

Game seed: 13069026954056710944

1334 Gargoyl the Skirmisher (level 8, -9/67 HPs)
             Began as a Gnoll Abyssal Knight on Sept 17, 2020.
             Was a Priest of Lugonu.
             Killed by divine providence
             ... invoked by an orc priest
              (16 damage)
             ... on level 6 of the Dungeon.
             The game lasted 00:07:32 (5511 turns).

Gargoyl the Skirmisher (Gnoll Abyssal Knight)       Turns: 5511, Time: 00:07:33

Health: -9/67      AC: 14    Str: 16    XL:     8   Next: 61%
Magic:  12/13      EV:  9    Int: 15    God:    Lugonu [***...]
Gold:   396        SH:  0    Dex: 17    Spells: 13/13 levels left

rFire    . . .     SeeInvis .   a - +4 hand axe (flame)
rCold    . . .     Faith    .   (no shield)
rNeg     . . .     Spirit   .   g - +0 chain mail
rPois    .         Reflect  .   u - +0 helmet
rElec    .         Harm     .   b - +0 cloak
rCorr    .         Rampage  .   (no gloves)
MR       .....                  (no boots)
Stlth    ..........             (no amulet)
HPRegen  0.21/turn              i - +4 ring of slaying
MPRegen  0.13/turn              (no ring)

@: lethally poisoned (-9 -> -10)
A: distributed training, fangs 1, iridescent scales 1, agile 1, mutation
resistance 1, strong nose
a: Depart the Abyss, Bend Space, Banish, Renounce Religion


You were on level 6 of the Dungeon.
You worshipped Lugonu.
Lugonu was most pleased with you.
You visited 1 branch of the dungeon, and saw 6 of its levels.
You visited the Abyss 1 time.

You collected 396 gold pieces.

Inventory:

Hand Weapons
 a - a +4 hand axe of flaming (weapon)
 t - a +3 vorpal hand axe
Armour
 b - a +0 cloak (worn)
 g - a +0 chain mail (worn)
 u - a +0 helmet (worn)
Jewellery
 i - a +4 ring of slaying (left hand)
Wands
 k - a wand of digging (6)
 l - a wand of polymorph (9)
 o - a wand of iceblast (16)
Scrolls
 e - 5 scrolls of identify
Potions
 c - a potion of stabbing
 d - 4 potions of lignification
 f - a potion of brilliance
 j - 3 potions of curing
 m - a potion of haste
 p - 2 potions of mutation
 s - 3 potions of invisibility


   Skills:
 + Level 7.4 Fighting
 + Level 3.4 Short Blades
 + Level 3.4 Long Blades
 + Level 5.8 Axes
 + Level 3.4 Maces & Flails
 + Level 3.4 Polearms
 + Level 3.4 Staves
 + Level 3.4 Slings
 + Level 3.4 Bows
 + Level 3.4 Crossbows
 + Level 3.4 Throwing
 + Level 5.8 Armour
 + Level 4.3 Dodging
 + Level 3.4 Stealth
 + Level 3.4 Shields
 + Level 3.4 Unarmed Combat
 + Level 3.4 Spellcasting
 + Level 2.8 Conjurations
 + Level 2.8 Hexes
 + Level 2.8 Summonings
 + Level 2.8 Necromancy
 + Level 2.8 Translocations
 + Level 2.8 Transmutations
 + Level 2.8 Fire Magic
 + Level 2.8 Ice Magic
 + Level 2.8 Air Magic
 + Level 2.8 Earth Magic
 + Level 2.8 Poison Magic
 + Level 6.0 Invocations
 + Level 3.4 Evocations


You had 13 spell levels left.
You didn't know any spells.
Your spell library was empty.

Dungeon Overview and Level Annotations

Branches:
Dungeon (6/15)
 Temple: D:4-7

Altars:
Hepliaklqana
Makhleb
Ru
Wu Jian

Shops:
D:5 (


Innate Abilities, Weirdness & Mutations

Your experience applies equally to all skills.
You have very sharp teeth.
Your uncanny sense of smell can sniff out nearby items.
You are partially covered in iridescent scales. (AC +2)
You are agile. (Dex +2)
You are somewhat resistant to further mutation.


Message History

The orc warrior barely misses you.
You feel sick.
The worker ant bites you but does no damage.
The worker ant bites you but does no damage.
You feel sick.
The orc priest looks encouraged for a moment.
The worker ant bites you.
* * * LOW HITPOINT WARNING * * *
You hear some strange, mumbled words.
A magic dart appears from out of thin air!
The magic dart hits you.
* * * LOW HITPOINT WARNING * * *
There is an open door here.
You see here a quokka corpse.
You feel sick.
A magic dart appears from out of thin air!
The magic dart hits you but does no damage.
The orc priest invokes the aid of Beogh against you.
Beogh smites you!
You die...

# #.###......# ##.##
#############..##.$....# .....
.............#.##......#......
############...##......#......
...## ##...##..# #)..(..$._..
....###.....##<## #....#
.....#...(...#..# #)o..#
.....#.......#..###oo..#
.....#.......#..@.{ao..#
....###.....##.#.##o........
...## ##...##..#..#...#.....
#'#######'##..##..#...#.####
.............###..#####+##
.............# #.........#
.............# #.........#
#'#######'#### #.........#
...## ##...## #.........#


You could see 2 orc warriors, a worker ant and 2 orc priests.

Vanquished Creatures
  Sigmund (D:2)
  Menkaure (D:5)
  An ogre (D:5)
  2 phantoms (D:5)
  A sky beast (D:6)
  A centaur (D:5)
  A scorpion (D:5)
  2 jellies
  2 hounds
  3 orc priests
  Crazy Yiuf (D:3)
  An orc wizard (D:3)
  A bullfrog skeleton (D:6)
  2 worker ants
  A howler monkey zombie (D:6)
  4 adders
  A gnoll (D:6)
  A white imp (D:6)
  2 ufetubi
  An ooze (D:5)
  A worm (D:3)
  An adder skeleton (D:5)
  4 dart slugs
  5 leopard geckos
  19 orcs
  10 giant cockroaches
  12 hobgoblins
  11 jackals
  4 quokkas
  4 ball pythons
  10 bats
  5 frilled lizards
  7 goblins
  14 kobolds
  11 rats
148 creatures vanquished.

Vanquished Creatures (others)
  6 plants (D:3)
6 creatures vanquished.

Grand Total: 154 creatures vanquished

Notes
Turn   | Place    | Note
-------+----------+-------------------------------------------
     0 | Abyss:1  | Gargoyl the Gnoll Abyssal Knight began the quest for the
                  | Orb.
     0 | Abyss:1  | Reached XP level 1. HP: 23/23 MP: 3/3
    29 | Abyss:1  | Gained mutation: You tend to lose your temper in combat.
                  | [potion of mutation]
    29 | Abyss:1  | Gained mutation: You are partially covered in iridescent
                  | scales. (AC +2) [potion of mutation]
    67 | Abyss:1  | Noticed a quasit
    82 | Abyss:1  | Noticed a large abomination
    87 | Abyss:1  | Noticed an iron imp
   100 | Abyss:1  | Noticed a small abomination
   101 | Abyss:1  | Noticed a rust devil
   145 | Abyss:2  | Noticed a large abomination
   154 | Abyss:2  | Noticed a hellwing
   155 | Abyss:2  | Noticed a spatial vortex
   155 | Abyss:2  | Noticed a spatial vortex
   155 | Abyss:2  | Noticed a hellwing
   180 | Abyss:2  | Noticed a raiju
   184 | D:1      | Escaped the Abyss
   506 | D:1      | Reached XP level 2. HP: 26/29 MP: 5/5
   838 | D:1      | Reached * piety under Lugonu
   986 | D:1      | Reached XP level 3. HP: 33/35 MP: 6/6
  1084 | D:1      | Lost mutation: You tend to lose your temper in combat.
                  | [potion of mutation]
  1084 | D:1      | Gained mutation: You are agile. (Dex +2) [potion of
                  | mutation]
  1084 | D:1      | Gained mutation: You are weak. (Str -2) [potion of
                  | mutation]
  1084 | D:1      | Lost mutation: You are weak. (Str -2) [potion of mutation]
  1084 | D:1      | Gained mutation: You are somewhat resistant to further
                  | mutation. [potion of mutation]
  1453 | D:2      | Reached skill level 1 in Short Blades
  1453 | D:2      | Reached skill level 1 in Long Blades
  1453 | D:2      | Reached skill level 1 in Maces & Flails
  1453 | D:2      | Reached skill level 1 in Polearms
  1453 | D:2      | Reached skill level 1 in Staves
  1453 | D:2      | Reached skill level 1 in Slings
  1453 | D:2      | Reached skill level 1 in Bows
  1453 | D:2      | Reached skill level 1 in Crossbows
  1453 | D:2      | Reached skill level 1 in Throwing
  1453 | D:2      | Reached skill level 1 in Stealth
  1453 | D:2      | Reached skill level 1 in Shields
  1453 | D:2      | Reached skill level 1 in Unarmed Combat
  1453 | D:2      | Reached skill level 1 in Spellcasting
  1453 | D:2      | Reached skill level 1 in Evocations
  1614 | D:2      | Reached XP level 4. HP: 41/41 MP: 7/7
  1628 | D:2      | Noticed Sigmund
  1656 | D:2      | Killed Sigmund
  1656 | D:2      | Reached skill level 1 in Conjurations
  1656 | D:2      | Reached skill level 1 in Hexes
  1656 | D:2      | Reached skill level 1 in Summonings
  1656 | D:2      | Reached skill level 1 in Necromancy
  1656 | D:2      | Reached skill level 1 in Translocations
  1656 | D:2      | Reached skill level 1 in Transmutations
  1656 | D:2      | Reached skill level 1 in Fire Magic
  1656 | D:2      | Reached skill level 1 in Ice Magic
  1656 | D:2      | Reached skill level 1 in Air Magic
  1656 | D:2      | Reached skill level 1 in Earth Magic
  1656 | D:2      | Reached skill level 1 in Poison Magic
  1656 | D:2      | Reached XP level 5. HP: 18/47 MP: 8/8
  2107 | D:2      | Reached skill level 5 in Invocations
  2526 | D:3      | Reached XP level 6. HP: 53/53 MP: 9/9
  2603 | D:3      | Found a runed translucent door.
  2604 | D:3      | Noticed Crazy Yiuf
  2610 | D:3      | Killed Crazy Yiuf
  2610 | D:3      | Reached ** piety under Lugonu
  2788 | D:3      | Reached skill level 5 in Axes
  2788 | D:3      | Reached skill level 5 in Armour
  2988 | D:3      | Found an ornate altar of the Wu Jian Council.
  3652 | D:4      | Reached XP level 7. HP: 53/59 MP: 10/10
  3720 | D:4      | Reached *** piety under Lugonu
  4027 | D:5      | Entered Level 5 of the Dungeon
  4082 | D:5      | Noticed Menkaure
  4090 | D:5      | Killed Menkaure
  4090 | D:5      | Reached skill level 7 in Fighting
  4277 | D:5      | Found Xock's Weapon Boutique.
  4320 | D:5      | Found a burning altar of Makhleb.
  4563 | D:5      | Reached XP level 8. HP: 63/67 MP: 12/12
  4905 | D:5      | Found a hazy altar of Hepliaklqana.
  5503 | D:6      | Found a sacrificial altar of Ru.
  5511 | D:6      | Killed from afar by an orc priest

Illustrated notes

Levels and vault maps discovered:
D:1:      elethiomel_arrival_infinity_welcomes_careful_drivers, layout_basic,
          st_stairs_5
D:2:      layout_basic, uniq_sigmund
D:3:      layout_rooms, nicolae_overflow_crystal_walls, lexackson_kobold_supper,
          uniq_crazy_yiuf_cottage
D:4:      layout_loops_cross, moated_statue, minmay_tree_intersection,
          patterned_corridor
D:5:      minmay_octagon_keep, layout_loops_ring, lemuel_crystal_altar,
          bloody_makhleb, serial_shops, nicolae_shop_trees, uniq_menkaure
D:6:      kennysheep_six_static_rooms, layout_basic, old_standard_altar

Skill      XL: |  1  2  3  4  5  6  7  8 |
---------------+-------------------------+-----
Short Blades   | 1 2 3 |  3.4
Long Blades    | 1 2 3 |  3.4
Maces & Flails | 1 2 3 |  3.4
Polearms       | 1 2 3 |  3.4
Staves         | 1 2 3 |  3.4
Slings         | 1 2 3 |  3.4
Bows           | 1 2 3 |  3.4
Crossbows      | 1 2 3 |  3.4
Throwing       | 1 2 3 |  3.4
Stealth        | 1 2 3 |  3.4
Shields        | 1 2 3 |  3.4
Unarmed Combat | 1 2 3 |  3.4
Spellcasting   | 1 2 3 |  3.4
Evocations     | 1 2 3 |  3.4
Dodging        | 3 4 |  4.3
Conjurations   | 1 2 |  2.8
Hexes          | 1 2 |  2.8
Summonings     | 1 2 |  2.8
Necromancy     | 1 2 |  2.8
Translocations | 1 2 |  2.8
Transmutations | 1 2 |  2.8
Fire Magic     | 1 2 |  2.8
Ice Magic      | 1 2 |  2.8
Air Magic      | 1 2 |  2.8
Earth Magic    | 1 2 |  2.8
Poison Magic   | 1 2 |  2.8
Invocations    | 5 6 |  6.0
Axes           | 5 |  5.8
Armour         | 5 |  5.8
Fighting       | 7 |  7.4

Action                   |  1- 3 |  4- 6 |  7- 9 || total
-------------------------+-------+-------+-------++-------
Melee: Hand axe          |    89 |   125 |    86 ||   300
       Bite              |     3 |    10 |     8 ||    21
       Punch             |       |       |     1 ||     1
Invok: Depart the Abyss  |     1 |       |       ||     1
       Bend Space        |       |       |     1 ||     1
  Use: Potion            |     2 |       |     4 ||     6
       Scroll            |     1 |    15 |     5 ||    21
 Stab: Invisible         |       |     1 |       ||     1
Armor: Leather armour    |    35 |       |       ||    35
       Chain mail        |    52 |    92 |    57 ||   201
       Skin              |       |       |     6 ||     6
Dodge: Dodged            |    75 |    64 |    45 ||   184

Table legend: (Time is in decaauts)
 A = Elapsed time spent in this place.
 B = Non-inter-level travel time spent in this place.
 C = Inter-level travel time spent in this place.
 D = Time resting spent in this place.
 E = Time spent auto-exploring this place.
 F = Levels seen in this place.
 G = Mean time per level.
                   A        B        C        D        E       F      G
               +--------+--------+--------+--------+--------+-----+--------+
         Total |   5537 |   5309 |    228 |    516 |   3660 |   8 |  692.1 |
       Dungeon |   5353 |   5125 |    228 |    516 |   3562 |   6 |  892.2 |
         Abyss |    183 |    183 |      0 |      0 |     98 |   2 |   91.5 |
               +--------+--------+--------+--------+--------+-----+--------+

Top non-repeatable levels by time:
     D:1: 1221 daAuts
     D:2: 1130 daAuts
     D:5: 1096 daAuts
     D:3: 765 daAuts
     D:4: 750 daAuts
     D:6: 389 daAuts
 Abyss:1: 116 daAuts
 Abyss:2: 67 daAuts
